 Dungeon Crawl Stone Soup version 0.31-a0-7-g51783674b7 (webtiles) character file.

Game seed: 8145302726921173418

2016 notmuch the Cudgeller (level 9, -5/68 HPs)
             Began as a Human Cinder Acolyte on May 5, 2023.
             Was a High Priest of Ignis.
             Succumbed to a killer bee's poison
             ... on level 9 of the Dungeon.
             The game lasted 01:04:13 (4078 turns).

notmuch the Cudgeller (Human Cinder Acolyte)        Turns: 4078, Time: 01:04:14

Health: -5/68      AC:  5    Str: 25    XL:     9   Next: 46%
Magic:  15/15      EV: 12    Int: 20    God:    Ignis [*****.]
Gold:   216        SH:  0    Dex:  9    Spells: 13/16 levels left

rFire   + . .        w - +6 shillelagh "Devastator" {shatter}
rCold   . . .        (no shield)
rNeg    . . .        r - +0 leather armour
rPois   .            (no helmet)
rElec   .            v - +0 cloak
rCorr   .            (no gloves)
SInv    .            p - +0 pair of boots
Will    .....        X - amulet of regeneration
Stlth   +            j - +6 ring of intelligence
HPRegen 0.31/turn    y - +6 ring of strength
MPRegen 0.14/turn

%: no passive effects
@: lethally poisoned (-5 -> -43)
A: no striking features
a: Renounce Religion, Fiery Armour, Foxfire Swarm, Rising Flame


You were on level 9 of the Dungeon.
You worshipped Ignis.
Ignis was extremely pleased with you.
You visited 1 branch of the dungeon, and saw 9 of its levels.

You collected 311 gold pieces.
You spent 95 gold pieces at shops.

Inventory:

Hand Weapons
 a - a -1 falchion of flaming
 c - a +0 dagger
 e - a +0 war axe
 s - a +0 spectral club
 w - the +6 shillelagh "Devastator" (weapon) {shatter}
   (You found it on level 3 of the Dungeon)
 A - a +0 club
 B - a +0 dagger of venom
 E - a +2 long sword of holy wrath
 F - a +0 short sword
 G - a +1 dagger of holy wrath
 N - a +0 sling
 P - a +3 dagger
 U - a +0 hand axe of freezing
 W - a +2 whip of electrocution
Missiles
 d - 93 stones (quivered)
 g - 11 poisoned darts
 K - 3 boomerangs
 Q - 2 throwing nets
 R - 2 datura-tipped darts
Armour
 b - a +0 robe
 f - a +0 pair of boots
 p - a +0 pair of boots (worn)
 q - a scarf of harm
 r - a +0 leather armour (worn)
 v - a +0 cloak (worn)
 H - a +0 kite shield
Magical Staves
 x - a staff of fire
 M - a staff of fire
Jewellery
 j - a +6 ring of intelligence (left hand)
 o - a ring of willpower
 y - a +6 ring of strength (right hand)
 X - an amulet of regeneration (around neck)
Wands
 O - a wand of polymorph (7)
Scrolls
 h - a scroll of amnesia
 t - 2 scrolls of enchant weapon
 D - 2 scrolls of brand weapon
 I - a scroll of fear {unknown}
 V - a scroll of identify
Potions
 i - a potion of berserk rage {unknown}
 k - 4 potions of curing
 l - 3 potions of attraction
 m - a potion of cancellation
 n - a potion of magic {unknown}
 u - 2 potions of mutation {unknown}
 z - 2 potions of degeneration {unknown}
 C - a potion of haste {unknown}
 J - 3 potions of ambrosia {unknown}
 L - a potion of heal wounds {unknown}
 S - a potion of brilliance {unknown}
 T - a potion of flight {unknown}


   Skills:
 + Level 5.4 Fighting
 + Level 3.7 Long Blades
 * Level 5.4 Maces & Flails
 + Level 2.6 Armour
 + Level 3.3 Dodging
 + Level 1.0 Stealth
 + Level 4.0 Spellcasting
 + Level 2.1 Summonings
 + Level 5.4 Fire Magic
 * Level 3.1 Evocations


You had 13 spell levels left.
You knew the following spells:

 Your Spells              Type           Power      Damage    Failure   Level
a - Scorch                Fire           50%        2d7       2%          2
b - Summon Small Mammal   Summ           48%        N/A       6%          1

Your spell library contained the following spells:

 Spells                   Type           Power      Damage    Failure   Level
 Call Canine Familiar     Summ           12%        N/A       19%         3
 Summon Guardian Golem    Hex/Summ       8%         N/A       28%         3


Dungeon Overview and Level Annotations

Branches:
Dungeon (9/15)
 Temple: D:4-7         Lair: D:8-11         Orc: D:9-12

Altars:
Cheibriados
Dithmenos
Elyvilon
Hepliaklqana
Kikubaaqudgha
Nemelex Xobeh
Okawaru
Vehumet

Shops:
D:4 *   D:8 ?:


Message History

The killer bee stings you but does no damage.
The killer bee stings you. The killer bee misses you.
The killer bee barely misses you. The killer bee misses you.
The killer bee stings you.
You are more poisoned.
The killer bee poisons you!
You feel better. The killer bee stings you. x2
You are poisoned.
The killer bee poisons you! The killer bee stings you.
The killer bee barely misses you. The killer bee completely misses you.
The killer bee stings you but does no damage.
The yak gores you but does no damage.
You closely miss the killer bee.
You feel very sick. The killer bee closely misses you.
The killer bee barely misses you.
The killer bee stings you but does no damage.
The killer bee closely misses you. The killer bee completely misses you.
The killer bee barely misses you.
You hit the killer bee.
The killer bees and the yaks shudder.
The killer bee is heavily wounded. x2
The killer bee is moderately wounded.
The yak is moderately wounded. x3
The killer bee is heavily wounded.
You feel sick. The killer bee stings you!
* * * LOW HITPOINT WARNING * * *
You are more poisoned.
The killer bee poisons you! The killer bee completely misses you.
The killer bee stings you.
* * * LOW HITPOINT WARNING * * *
The killer bee stings you but does no damage.
The killer bee stings you.
* * * LOW HITPOINT WARNING * * *
You are more poisoned.
The killer bee poisons you! The killer bee stings you.
* * * LOW HITPOINT WARNING * * *
You are more poisoned.
The killer bee poisons you! The yak gores you!
* * * LOW HITPOINT WARNING * * *
You miss the killer bee.
The killer bee is heavily wounded.
You die...

#≈##.....# .# #
#≈######.# # #. #≈#
#.##.###.
#.##########........
.##............##.####
...##.................
....................##
............#..##.###
...#.y@Y......# ...
....<.yyY.§§≈..# ..#
.......Y.≈≈≈≈≈.# ##
#.#.###..§≈§§§..) #..
...§≈§≈§.## ##
##..§≈§≈§.. #..≈§.≈≈.#
#..≈...≈.


You could see 3 yaks and 3 killer bees.

Vanquished Creatures
  A wraith (D:7)
  A steam dragon (D:8)
  A water moccasin (D:5)
  2 orc warriors
  2 black bears (D:5)
  2 ogres
  2 bullfrogs
  2 kobold brigands (D:6)
  2 scorpions (D:5)
  2 hounds
  3 jellies
  3 orc priests
  3 iguanas (D:4)
  Jessica (D:2)
  8 orc wizards
  3 gnolls (D:5)
  3 adders
  2 ufetubi (D:6)
  2 dart slugs
  A worm (D:4)
  22 orcs
  4 endoplasms
  2 giant cockroaches (D:4)
  9 goblins
  3 hobgoblins
  4 jackals (D:1)
  10 kobolds
  2 quokkas
  3 ball pythons
  3 bats
  5 frilled lizards
  7 rats
120 creatures vanquished.

Vanquished Creatures (collateral kills)
  A kobold (D:4)
1 creature vanquished.

Vanquished Creatures (others)
  A human (D:8)
  5 plants (D:6)
6 creatures vanquished.

Grand Total: 127 creatures vanquished

Notes
Turn   | Place    | Note
-------+----------+-------------------------------------------
     0 | D:1      | notmuch the Human Cinder Acolyte began the quest for the
                  | Orb.
     0 | D:1      | Reached XP level 1. HP: 18/18 MP: 2/2
   105 | D:1      | Reached XP level 2. HP: 20/24 MP: 3/3
   307 | D:1      | Learned a level 2 spell: Scorch
   583 | D:2      | Found a faded altar of an unknown god.
   621 | D:2      | Reached XP level 3. HP: 29/29 MP: 4/4
   945 | D:2      | Noticed Jessica
   951 | D:2      | Killed Jessica
   952 | D:2      | Reached skill level 1 in Dodging
   952 | D:2      | Reached XP level 4. HP: 18/35 MP: 2/5
  1204 | D:3      | Found the +6 shillelagh "Devastator" {shatter}
  1232 | D:3      | Learned a level 1 spell: Summon Small Mammal
  1297 | D:3      | Found a snail-covered altar of Cheibriados.
  1351 | D:3      | Found a shadowy altar of Dithmenos.
  1526 | D:3      | Found an iron altar of Okawaru.
  1787 | D:4      | Found Xes Niax's General Store.
  1813 | D:4      | Reached XP level 5. HP: 41/41 MP: 6/6
  2048 | D:4      | Reached XP level 6. HP: 43/48 MP: 0/8
  2061 | D:4      | Reached skill level 1 in Maces & Flails
  2061 | D:4      | Reached skill level 1 in Armour
  2503 | D:4      | Bought a scroll of brand weapon for 95 gold pieces
  2591 | D:5      | Entered Level 5 of the Dungeon
  2591 | D:5      | Noticed a black bear
  2598 | D:5      | Killed a black bear
  2599 | D:5      | Reached XP level 7. HP: 54/55 MP: 2/9
  2624 | D:5      | Noticed a water moccasin
  2628 | D:5      | Killed a water moccasin
  2629 | D:5      | Reached skill level 1 in Summonings
  2726 | D:5      | Reached XP level 8. HP: 56/61 MP: 11/11
  2808 | D:5      | Reached skill level 1 in Evocations
  2860 | D:5      | Reached skill level 5 in Fighting
  3433 | D:7      | Reached XP level 9. HP: 35/68 MP: 8/13
  3562 | D:7      | Reached skill level 5 in Maces & Flails
  3566 | D:7      | Reached skill level 5 in Fire Magic
  3601 | D:7      | Found a sparkling altar of Nemelex Xobeh.
  3601 | D:7      | Found a hazy altar of Hepliaklqana.
  3602 | D:7      | Found a white marble altar of Elyvilon.
  3797 | D:8      | Reached skill level 1 in Stealth
  3850 | D:8      | Found Duize's Book Shoppe.
  3875 | D:8      | Found Sus Sawu's Magic Scroll Shoppe.
  3915 | D:8      | Found an ancient bone altar of Kikubaaqudgha.
  4041 | D:8      | You fall into a shaft and drop 1 floor!
  4061 | D:9      | Found a radiant altar of Vehumet.
  4077 | D:9      | HP: 3/68 [yak (7)]
  4078 | D:9      | Succumbed to a killer bee's poison

Illustrated notes

Levels and vault maps discovered:
D:1:      elethiomel_arrival_quiet, layout_loops_ring
D:2:      layout_loops_ring, nicolae_ecumenical_oubliette, uniq_jessica
D:3:      layout_rooms, kennysheep_okawaru_gauntlet, cheibriados_altar_1,
          mainiacjoe_overflow_six_doors_small
D:4:      wander_river, layout_loops_corners, serial_shops, shop_statue
D:5:      cheibrodos_two_vegetables, layout_rooms, nrook_mini_vaults
D:6:      layout_loops_cross, minmay_temple_entry_proselytizer,
          lexackson_kobold_supper
D:7:      layout_cave_pods, chequers_temple_overflow_statue_of_worship,
          minmay_misc_feat_pillars, minmay_misc_feat_iff
D:8:      layout_basic, tgw_kikubaaqudgha, led_xom_imps, serial_shops,
          nicolae_shop_tiny_waterfront, nicolae_shop_tiny_waterfront,
          nicolae_shop_crystal
D:9:      layout_basic, mainiacjoe_overflow_catwalk,
          nicolae_overflow_hallway_of_the_gods, serial_aquarium,
          aquarium_bridge_straight [aquarium_subvault_bridge,
          aquarium_subvault_wall, aquarium_subvault_bridge,
          aquarium_subvault_wall], aquarium_bridge_straight
          [aquarium_subvault_bridge, aquarium_subvault_window,
          aquarium_subvault_bridge, aquarium_subvault_window],
          aquarium_window_fake, aquarium_window_corner, aquarium_window_3,
          aquarium_view_2d, aquarium_view_2c, aquarium_balcony_double_1,
          onia_ninara_cookie

Skill      XL: |  1  2  3  4  5  6  7  8  9 |
---------------+----------------------------+-----
Dodging        | 1 2 3 |  3.3
Fighting       | 4 5 |  5.4
Fire Magic     | 4 5 |  5.4
Maces & Flails | 2 3 4 5 |  5.4
Armour         | 1 2 |  2.6
Spellcasting   | 2 3 4 |  4.0
Summonings     | 1 2 |  2.1
Evocations     | 2 3 |  3.1
Stealth        | 1 |  1.0
Long Blades    | |  3.7

Action                     |  1- 3 |  4- 6 |  7- 9 || total
---------------------------+-------+-------+-------++-------
  Melee: Falchion          |    92 |    23 |       ||   115
         Punch             |     1 |       |     3 ||     4
         Shillelagh        |       |    42 |    77 ||   119
  Throw: Stone             |     3 |       |       ||     3
   Cast: Scorch            |     4 |     9 |    21 ||    34
         Summon Small Mamm |       |     6 |    10 ||    16
 Invoke: Fiery Armour      |       |     1 |       ||     1
    Use: Potion            |     2 |       |     2 ||     4
         Scroll            |       |     4 |     2 ||     6
 Armour: Robe              |    28 |       |       ||    28
         Skin              |     1 |       |       ||     1
         Leather armour    |       |    22 |    35 ||    57
  Dodge: Dodged            |    51 |    42 |    65 ||   158

Table legend: (Time is in decaauts)
 A = Elapsed time spent in this place.
 B = Non-inter-level travel time spent in this place.
 C = Inter-level travel time spent in this place.
 D = Time resting spent in this place.
 E = Time spent auto-exploring this place.
 F = Levels seen in this place.
 G = Mean time per level.
                   A        B        C        D        E       F      G
               +--------+--------+--------+--------+--------+-----+--------+
         Total |   4111 |   4111 |      0 |    736 |    285 |   9 |  456.8 |
       Dungeon |   4111 |   4111 |      0 |    736 |    285 |   9 |  456.8 |
               +--------+--------+--------+--------+--------+-----+--------+

Top non-repeatable levels by time:
     D:4: 909 daAuts
     D:1: 608 daAuts
     D:2: 584 daAuts
     D:3: 514 daAuts
     D:5: 503 daAuts
     D:7: 420 daAuts
     D:6: 280 daAuts
     D:8: 253 daAuts
     D:9: 36 daAuts
